 Dungeon Crawl Stone Soup version 0.27-a0-1154-gfdeffcb720 (webtiles) character file.

Game seed: 9173987087130558150

47586 robertstho the Fighter (level 14, -1/133 HPs)
             Began as a Red Draconian Berserker on May 14, 2021.
             Was a High Priest of Trog.
             Slain by a yak (9 damage)
             ... on level 6 of the Lair of Beasts.
             The game lasted 00:30:06 (21023 turns).

robertstho the Fighter (Red Draconian Berserker)   Turns: 21023, Time: 00:30:07

Health: -1/133     AC: 13    Str: 25    XL:     14   Next: 9%
Magic:  0/14       EV: 13    Int:  7    God:    Trog [*****.]
Gold:   1032       SH: 17    Dex: 11    Spells: 13/13 levels left

rFire    + . .     SeeInvis .   c - +3 demon blade (vamp)
rCold    . . .     Faith    .   Q - +0 tower shield
rNeg     . . .     Spirit   +   (armour unavailable)
rPois    +         Reflect  .   (helmet restricted)
rElec    .         Harm     .   F - +0 cloak
rCorr    .         Rampage  .   i - +0 pair of gloves
Will     +++..                  B - +2 pair of boots
Stlth    +++.......             j - amulet of guardian spirit
HPRegen  1.32/turn              g - ring of poison resistance
MPRegen  0.14/turn              K - +4 ring of slaying

@: lethally poisoned (-1 -> -5), about to teleport, marked, strong-willed, on
berserk cooldown, regenerating, slowed, very slow
A: breathe fire, AC +8, unfitting armour, fire resistance 1, cold-blooded
a: Breathe Fire, Renounce Religion, Berserk, Trog's Hand, Brothers in Arms


You were on level 6 of the Lair of Beasts.
You worshipped Trog.
Trog was extremely pleased with you.
You visited 2 branches of the dungeon, and saw 19 of its levels.
You also visited: Sewer.

You collected 1394 gold pieces.
You spent 362 gold pieces at shops.

Inventory:

Hand Weapons
 a - a +0 falchion of protection
 c - a +3 vampiric demon blade (weapon)
 C - a +2 hand axe of flaming
 W - a +5 falchion
Armour
 i - a +0 pair of gloves (worn)
 B - a +2 pair of boots (worn)
 F - a +0 cloak (worn)
 Q - a +0 tower shield (worn)
Jewellery
 g - a ring of poison resistance (left hand)
 j - an amulet of guardian spirit (around neck)
 k - a ring of ice
 K - a +4 ring of slaying (right hand)
 U - an amulet of reflection
 X - a ring of positive energy
Wands
 b - a wand of digging (5)
 o - a wand of iceblast (22)
 y - a wand of polymorph (5)
 A - a wand of flame (20)
 H - a wand of mindburst (27)
Scrolls
 d - 3 scrolls of fog
 f - 7 scrolls of teleportation
 l - 3 scrolls of blinking {unknown}
 u - 2 scrolls of fear {unknown}
 v - a scroll of silence
 w - 3 scrolls of amnesia {unknown}
 z - a scroll of magic mapping {unknown}
 I - 4 scrolls of noise {unknown}
 M - 2 scrolls of summoning {unknown}
 N - a scroll of enchant armour {unknown}
 P - 2 scrolls of torment {unknown}
 T - 2 scrolls of brand weapon
 Z - a scroll of immolation
Potions
 e - 2 potions of might
 h - a potion of invisibility
 n - 3 potions of brilliance {unknown}
 p - a potion of attraction {unknown}
 q - 5 potions of curing
 r - 2 potions of haste {unknown}
 s - 6 potions of flight {unknown}
 t - a potion of magic {unknown}
 x - a potion of resistance {unknown}
 D - a potion of heal wounds
 G - 2 potions of lignification
 R - 2 potions of ambrosia
 Y - 2 potions of cancellation {unknown}
Miscellaneous
 m - a piece from Xom's chessboard (15/15)
 O - a tin of tremorstones (2/2)


   Skills:
 * Level 14.4 Fighting
 + Level 13.5 Long Blades
 + Level 1.2 Axes
 * Level 12.1 Dodging
 + Level 5.6 Stealth
 + Level 7.5 Shields


You had 13 spell levels left.
You didn't know any spells.
Your spell library was empty.

Dungeon Overview and Level Annotations

Branches:
Dungeon (13/15)            Temple (0/1) D:5            Lair (6/6) D:9
 Shoals (0/4) Lair:4        Snake (0/4) Lair:4          Orc (0/2) D:12
  Sewer (visited)
  Slime: Lair:5-6    Vaults: D:13-14

Altars:
Dithmenos
Fedhas
Hepliaklqana
Kikubaaqudgha
Makhleb
Nemelex Xobeh
Okawaru
Qazlal
Sif Muna
Vehumet
Wu Jian
Xom
The Shining One

Shops:
D:2 [

Portals:
Trove: D:10 (give 5 potions of resistance)

Annotations:
D:2 Armour in shop
D:9 2 transporters, exclusion: oklob plant, Sobieck's ghost, journeyman KoBe


Innate Abilities, Weirdness & Mutations

You can breathe blasts of fire.
Your fiery red scales are hard. (AC +8)
You cannot fit into any form of body armour.
Your flesh is heat resistant. (rF+)
You are cold-blooded and may be slowed by cold attacks.


Message History

The death yak is moderately wounded.
The black mamba bites you.
Your skin crawls.
You feel strong-willed. The cane toad stings you! The black mamba misses you.
You riposte.
You slash the black mamba!
You feel better.
The black mamba is moderately wounded.
The blink frog blinks!
Your deep troll barely misses the yak.
Your deep troll claws the yak!!
The yak dies!
Trog accepts your kill.
You block the yak's attack. x3; The blink frog blinks!
The komodo dragon closely misses you.
You riposte.
You completely miss the komodo dragon.
The komodo dragon is lightly wounded.
You block the black mamba's attack. The cane toad stings you.
You are poisoned.
The cane toad poisons you! The death yak barely misses you.
You riposte.
You slash the death yak!
You feel better.
The death yak is severely wounded.
The death yak gores you.
Your deep troll bites the yak!!
Your deep troll claws the yak!!
The yak dies!
Trog accepts your kill. The yak gores you!
* * * LOW HITPOINT WARNING * * *
A yak comes into view.
The yak gores you but does no damage. The yak barely misses you.
As you read the scroll labelled JAEMOPN ITIZ, it crumbles to dust.
The creatures around you are filled with an inner flame!
It was a scroll of immolation.
You feel very sick. The black mamba bites you.
* * * LOW HITPOINT WARNING * * *
The blink frog blinks!
You block the cane toad's attack.
The black mamba bites you but does no damage.
The komodo dragon misses you. The death yak gores you!!
* * * LOW HITPOINT WARNING * * *
You block the death yak's attack. The yak gores you!
You die...

. ##....#
.#......+
.........
###...⌠.... ##
#.....!..
#.##.YYF..##
#..FFYDY#.##.
⌠.##..FY@YYS....
.....FkSYlh.....
<....⌠Fhlhh.⌠...
.......†k.......
⌠.Y#............
#. ##..⌠T†#..###
##..†...##
##.††...
#....⌠..


You could see 2 death yaks, a six-headed hydra (inner flame), 2 komodo dragons,
a black mamba (inner flame), 7 yaks, 2 cane toads, 4 blink frogs, 2 rime drakes,
a water moccasin (inner flame), 4 wolves and a friendly deep troll (summoned,
berserk, inner flame).

Vanquished Creatures
  Snorg (D:11)
  2 boulder beetles (D:9)
  3 centaur warriors (D:9)
  6 two-headed ogres
  7 hydras
  A death yak (Lair:6)
  Pikel (D:5)
  2 cyclopes
  Maurice (D:11)
  3 manticores
  2 black mambas (Lair:3)
  2 unseen horrors
  A rime drake (Lair:4)
  Joseph (D:7)
  A gargoyle (D:10)
  6 cane toads
  3 kobold demonologists (D:12)
  A tengu conjurer (D:9)
  6 komodo dragons
  A queen bee (D:11)
  2 trolls
  A polar bear (shapeshifter) (D:12)
  A hornet (D:7)
  2 polar bears
  Grinder (D:5)
  5 slime creatures (D:12)
  16 blink frogs
  A vampire (D:12)
  A shadow (D:11)
  40 yaks
  3 wyverns
  6 basilisks
  5 wraiths
  A steam dragon (D:9)
  3 vampire mosquitoes (D:12)
  Menkaure (D:7)
  2 nagas (Lair:4)
  An acid dragon (D:11)
  8 water moccasins
  2 swamp worms (Lair:1)
  2 black bears
  Purgy (Sewer)
  3 orc warriors
  2 sky beasts
  An ogre (D:4)
  A necrophage (D:6)
  A hornet zombie (D:8)
  10 centaurs
  14 wolves
  3 kobold brigands
  10 bullfrogs
  A gnoll sergeant (D:9)
  2 wyvern zombies (D:7)
  A wyvern skeleton (D:7)
  3 scorpions
  25 killer bees
  4 wights (D:9)
  An electric eel (Lair:3)
  5 howler monkeys
  A bullfrog zombie (D:5)
  A centaur skeleton (D:6)
  2 centaur zombies
  2 jellies
  2 bullfrog skeletons
  2 orc priests
  5 hounds
  Crazy Yiuf (D:7)
  Jessica (D:3)
  Ijyb (D:3)
  2 iguanas
  14 orc wizards
  A killer bee zombie (D:7)
  2 centaur simulacra
  A hound skeleton (D:5)
  A howler monkey zombie (D:9)
  10 gnolls
  6 adders
  A howler monkey skeleton (D:6)
  2 shadow imps
  2 white imps
  An adder zombie (D:5)
  2 worms
  2 dart slugs (D:4)
  26 orcs
  8 ball pythons
  6 endoplasms
  4 giant cockroaches
  7 goblins
  7 hobgoblins
  13 jackals
  22 kobolds
  3 quokkas
  5 bats
  11 frilled lizards
  5 rats
425 creatures vanquished.

Vanquished Creatures (collateral kills)
  A boulder beetle (D:11)
  Erolcha (D:11)
  A black mamba (Lair:6)
  An unseen horror (D:11)
  A troll (D:11)
  A blink frog (Lair:6)
  8 yaks (Lair:6)
  A wraith (D:11)
  A water moccasin (Lair:6)
  3 orc warriors
  A wolf (Lair:6)
  A kobold brigand (D:11)
  9 killer bees (D:11)
  2 orc priests (D:7)
  2 orcs (D:7)
34 creatures vanquished.

Vanquished Creatures (others)
  18 fungi
  43 plants
61 creatures vanquished.

Grand Total: 520 creatures vanquished

Notes
Turn   | Place    | Note
-------+----------+-------------------------------------------
     0 | D:1      | robertstho the Draconian Berserker began the quest for the
                  | Orb.
     0 | D:1      | Reached XP level 1. HP: 19/19 MP: 1/1
   172 | D:1      | Reached XP level 2. HP: 26/26 MP: 2/2
   505 | D:1      | Reached ** piety under Trog
   613 | D:1      | Reached XP level 3. HP: 33/33 MP: 3/3
  1043 | D:2      | Found Risesto's Armour Shoppe.
  1220 | D:2      | Reached skill level 4 in Fighting
  1568 | D:2      | Reached XP level 4. HP: 38/40 MP: 4/4
  2006 | D:2      | Found a shadowy altar of Dithmenos.
  2217 | D:3      | Noticed Jessica
  2223 | D:3      | Killed Jessica
  2286 | D:3      | Noticed Ijyb
  2294 | D:3      | Killed Ijyb
  2294 | D:3      | Reached *** piety under Trog
  2329 | D:3      | Found a radiant altar of Vehumet.
  2828 | D:3      | Reached XP level 5. HP: 47/47 MP: 5/5
  2930 | D:3      | Found a glowing golden altar of the Shining One.
  3021 | D:4      | Reached XP level 6. HP: 51/55 MP: 6/6
  3054 | D:4      | Reached skill level 5 in Fighting
  3054 | D:4      | Reached skill level 1 in Stealth
  3529 | D:4      | Reached skill level 5 in Long Blades
  4142 | D:4      | Your scales start taking on a fiery red colour.
  4142 | D:4      | Reached XP level 7. HP: 62/62 MP: 7/7
  4142 | D:4      | Gained mutation: Your flesh is heat resistant. (rF+) [Red
                  | Draconian growth]
  4755 | D:5      | Entered Level 5 of the Dungeon
  4836 | D:5      | Noticed Pikel
  4860 | D:5      | Killed Pikel
  4861 | D:5      | Reached skill level 6 in Fighting
  4861 | D:5      | Reached skill level 5 in Dodging
  4861 | D:5      | Reached XP level 8. HP: 71/71 MP: 8/8
  5014 | D:5      | Reached skill level 7 in Fighting
  5040 | D:5      | Noticed Grinder
  5042 | D:5      | Found a staircase to the Ecumenical Temple.
  5044 | D:5      | Paralysed by Grinder for 4 turns
  5058 | D:5      | Killed Grinder
  5061 | D:5      | Found a glowing drain.
  5075 | Sewer    | Entered a sewer
  5247 | Sewer    | Noticed Purgy
  5256 | Sewer    | Killed Purgy
  5810 | D:5      | You fall into a shaft and drop 1 floor!
  5859 | D:6      | Reached **** piety under Trog
  5874 | D:6      | Found an ancient bone altar of Kikubaaqudgha.
  5926 | D:6      | Reached XP level 9. HP: 77/80 MP: 7/9
  6078 | D:6      | Found a sparkling altar of Nemelex Xobeh.
  6179 | D:6      | Reached skill level 8 in Fighting
  6894 | D:2      | Bought a +2 buckler for 181 gold pieces
  6894 | D:2      | Bought a +2 pair of boots for 181 gold pieces
  7264 | D:7      | Noticed Joseph
  7282 | D:7      | Killed Joseph
  7455 | D:7      | Found a burning altar of Makhleb.
  7490 | D:7      | Noticed Menkaure
  7495 | D:7      | Reached skill level 9 in Fighting
  7508 | D:7      | Found a hazy altar of Hepliaklqana.
  7828 | D:7      | Killed Menkaure
  8458 | D:7      | Found an ornate altar of the Wu Jian Council.
  8487 | D:7      | Found a runed translucent door.
  8488 | D:7      | Noticed Crazy Yiuf
  8590 | D:7      | Reached XP level 10. HP: 89/91 MP: 8/10
  8748 | D:7      | Killed Crazy Yiuf
  8839 | D:8      | Found an iron altar of Okawaru.
  8945 | D:8      | Reached skill level 1 in Shields
  9566 | D:8      | Found a stormy altar of Qazlal.
 10216 | D:9      | Noticed an oklob plant
 10222 | D:9      | Found a transporter.
 10223 | D:9      | Noticed Sobieck's ghost (journeyman KoBe)
 10255 | D:9      | Noticed a skeletal warrior
 10270 | D:9      | Reached ***** piety under Trog
 10279 | D:9      | Identified a scroll of acquirement
 10282 | D:9      | Acquired a +1 vampiric demon blade
 10310 | D:9      | Noticed a skeletal warrior
 10341 | D:9      | Found a transporter.
 10396 | D:9      | Noticed a boulder beetle
 10406 | D:9      | Killed a boulder beetle
 10422 | D:9      | Noticed a centaur warrior
 10424 | D:9      | Found the +5 robe of Night {Dark Will+ SInv}
 10428 | D:9      | Killed a centaur warrior
 10429 | D:9      | Reached skill level 10 in Fighting
 10429 | D:9      | Reached skill level 10 in Long Blades
 10429 | D:9      | Noticed a boulder beetle
 10432 | D:9      | Noticed a two-headed ogre
 10438 | D:9      | Killed a two-headed ogre
 10470 | D:9      | Noticed a centaur warrior
 10474 | D:9      | Killed a centaur warrior
 10475 | D:9      | Reached XP level 11. HP: 101/101 MP: 11/11
 10492 | D:9      | Killed a boulder beetle
 10701 | D:9      | Noticed a centaur warrior
 10711 | D:9      | Killed a centaur warrior
 10853 | D:9      | Found a staircase to the Lair.
 11126 | D:9      | Found a shimmering blue altar of Sif Muna.
 11215 | D:10     | Entered Level 10 of the Dungeon
 11237 | D:10     | Reached skill level 11 in Fighting
 11272 | D:10     | Found a shimmering altar of Xom.
 11751 | D:10     | Noticed a two-headed ogre
 11753 | D:10     | Found a portal to a secret trove of treasure.
 11757 | D:10     | Killed a two-headed ogre
 11758 | D:10     | Reached skill level 5 in Stealth
 12309 | D:11     | Noticed a two-headed ogre
 12319 | D:11     | Killed a two-headed ogre
 12322 | D:11     | Noticed a two-headed ogre
 12335 | D:11     | Killed a two-headed ogre
 12336 | D:11     | Reached skill level 12 in Fighting
 12580 | D:11     | Reached XP level 12. HP: 112/112 MP: 12/12
 12623 | D:11     | Noticed a four-headed hydra
 12624 | D:11     | Noticed a two-headed ogre
 12634 | D:11     | Killed a seven-headed hydra
 12643 | D:11     | Killed a two-headed ogre
 12659 | D:11     | Noticed Erolcha
 12662 | D:11     | Noticed a boulder beetle
 12664 | D:11     | Killed a boulder beetle
 12665 | D:11     | Reached skill level 10 in Dodging
 12669 | D:11     | Killed Erolcha
 12677 | D:11     | Noticed a four-headed hydra
 12684 | D:11     | Killed a two-headed hydra
 12691 | D:11     | Noticed a four-headed hydra
 12772 | D:11     | Killed a one-headed hydra
 12969 | D:11     | Noticed Maurice
 12977 | D:11     | Killed Maurice
 13079 | D:11     | Found a blossoming altar of Fedhas.
 13129 | D:11     | Noticed Snorg
 13140 | D:11     | Killed Snorg
 13376 | D:11     | Reached skill level 1 in Axes
 13576 | D:11     | Noticed a two-headed ogre
 13585 | D:11     | Killed a two-headed ogre
 14371 | D:12     | Reached skill level 13 in Fighting
 14379 | D:12     | Reached skill level 5 in Shields
 14560 | D:12     | Found a staircase to the Orcish Mines.
 14761 | D:12     | Reached XP level 13. HP: 119/122 MP: 13/13
 15352 | Lair:1   | Entered Level 1 of the Lair of Beasts
 15762 | Lair:1   | Identified the +0 scale mail of Inevitability {rPois rN+}
 16070 | Lair:1   | Received a gift from Trog
 16196 | Lair:1   | Identified the +3 hunting sling of Ucashomn {vorpal,
                  | Stlth+}
 18860 | Lair:4   | Found a staircase to the Shoals.
 18865 | Lair:4   | Reached skill level 14 in Fighting
 19615 | Lair:4   | Found a staircase to the Snake Pit.
 20487 | Lair:5   | Reached XP level 14. HP: 132/132 MP: 11/14
 21000 | Lair:6   | Entered Level 6 of the Lair of Beasts
 21023 | Lair:6   | Slain by a yak

Illustrated notes

Levels and vault maps discovered:
D:1:      minmay_arrival_loop, layout_loops_cross, minmay_surrounded
D:2:      layout_loops_ring, serial_shops, nicolae_shop_waterfront, basic_altar
D:3:      layout_loops_cross, amcnicky_altar_gilded,
          lemuel_coloured_pillars_altar, cheibrodos_gnoll_hut, uniq_ijyb,
          uniq_jessica
D:4:      layout_gridville, dk_noncrumbling_4
D:5:      layout_rooms, minmay_temple_entry_gardened_gates,
          cheibrodos_sewer_entry_drain, minmay_misc_feat_rows,
          kennysheep_path_1, uniq_grinder, uniq_pikel
D:6:      layout_cave_pools, lemuel_doored_altar, nemelex_spade_bored_becter
D:7:      layout_rooms, nicolae_hepliaklqana_hazy_memory,
          makhleb_heckhound_becter, kennysheep_little_box,
          uniq_crazy_yiuf_cottage, uniq_joseph, uniq_menkaure
D:8:      layout_basic, nicolae_qazlal_general_emergency,
          nicolae_overflow_crystal_walls
D:9:      layout_rooms, nicolae_sif_muna_condensation, david_lair_shrubbed,
          nzn_ghost_randoct, minmay_evil_grid
D:10:     layout_irregular_city, xom_butterflies, nicolae_trove_entry_isolated
D:11:     regret_index_wax_grids, layout_cave_pools,
          chequers_serial_rivers_small_b, fedhas_bush_and_centaur_altar,
          uniq_maurice, uniq_snorg, uniq_erolcha
D:12:     layout_long_grid, orc_0_dummy
D:13:     layout_roguey, ximxim_vaults_locker_room
Lair:1:   layout_gridlike, worms_lemuel
Lair:2:   layout_regular_city, grunt_megastairs_1
Lair:3:   layout_regular_city, st_stairs_8, serial_bayou_shore_a,
          grunt_megastairs_5, infiniplex_staircase_pool_2, lemuel_fruit_fields,
          lemuel_fruit_tree, lemuel_fruit_fields
Lair:4:   layout_gridlike, minmay_shoals_entry_centaurs,
          guppyfry_snake_entry_island, st_stairs_7, serial_bayou_shore_b
Lair:5:   layout_cave_pods, lemuel_old_faithful
Lair:6:   grunt_lair_end_beastmaster, layout_small_grid, slime_altar_1,
          basic_altar, eino_small_chamber_without_monster,
          minmay_lair_oklob_chamber, grunt_megastairs_3

Skill      XL: |  1  2  3  4  5  6  7  8  9 10 11 12 13 |
---------------+----------------------------------------+-----
Dodging        | 3 4 5 6 7 8 9 10 12 | 12.1
Fighting       | 4 5 6 7 9 10 12 13 14 | 14.4
Long Blades    | 4 5 6 7 9 10 11 12 13 | 13.5
Stealth        | 1 2 3 4 5 |  5.6
Shields        | 2 3 5 7 |  7.5
Axes           | 1 |  1.2

Action                   |  1- 3 |  4- 6 |  7- 9 | 10-12 | 13-15 || total
-------------------------+-------+-------+-------+-------+-------++-------
Melee: Falchion          |   137 |   131 |   304 |   168 |       ||   740
       Tailslap          |    15 |    25 |    55 |    97 |    84 ||   276
       Demon blade       |       |       |       |   352 |   408 ||   760
       Hand axe          |       |       |       |     8 |    10 ||    18
Invok: Berserk           |     1 |     9 |     7 |    14 |     5 ||    36
       Trog's Hand       |       |     1 |     2 |     2 |     1 ||     6
       Brothers in Arms  |       |       |     1 |     1 |     1 ||     3
 Abil: Breathe Fire      |       |       |     9 |    11 |     6 ||    26
Evoke: Wand              |       |       |       |     1 |       ||     1
  Use: Scroll            |       |     4 |     3 |    10 |     2 ||    19
       Potion            |       |       |     5 |       |       ||     5
 Stab: Sleeping          |     1 |     2 |     5 |     9 |     4 ||    21
       Distracted        |       |       |       |     1 |     1 ||     2
Armor: Skin              |    57 |    52 |   112 |   185 |   119 ||   525
Dodge: Dodged            |    95 |    88 |   203 |   312 |   183 ||   881
Block: Buckler           |       |       |    19 |   124 |       ||   143
       Tower shield      |       |       |       |   104 |   360 ||   464
       Rpst.: Falchion   |    32 |    13 |    50 |    18 |       ||   113
       Demon blade       |       |       |       |    56 |    62 ||   118

Table legend: (Time is in decaauts)
 A = Elapsed time spent in this place.
 B = Non-inter-level travel time spent in this place.
 C = Inter-level travel time spent in this place.
 D = Time resting spent in this place.
 E = Time spent auto-exploring this place.
 F = Levels seen in this place.
 G = Mean time per level.
                   A        B        C        D        E       F      G
               +--------+--------+--------+--------+--------+-----+--------+
         Total |  21380 |  20160 |   1220 |   2381 |  14357 |  20 | 1069.0 |
       Dungeon |  15319 |  14259 |   1060 |   1905 |   9807 |  13 | 1178.4 |
          Lair |   5756 |   5596 |    160 |    441 |   4391 |   6 |  959.3 |
         Sewer |    304 |    304 |      0 |     34 |    158 |   1 |  304.0 |
               +--------+--------+--------+--------+--------+-----+--------+

Top non-repeatable levels by time:
     D:4: 2009 daAuts
    D:11: 1723 daAuts
     D:7: 1538 daAuts
  Lair:3: 1431 daAuts
  Lair:4: 1389 daAuts
     D:6: 1310 daAuts
     D:8: 1296 daAuts
     D:2: 1222 daAuts
     D:9: 1173 daAuts
     D:1: 1134 daAuts
    D:10: 1028 daAuts
     D:5: 1017 daAuts
  Lair:2: 985 daAuts
  Lair:5: 978 daAuts
    D:12: 956 daAuts
